AoeStats
← blb_00

Arena

509337376Analyzed
1v1 RM · 4d ago on Sep 26, 2026· 45m 2s· 2 players
Game mode
Random Map
Map size
Tiny (2 player)
Population
200
Speed
Normal
Resources
Standard
Victory
Conquest
Starting age
Dark Age
Ending age
Imperial Age
RankedLock teamsTeams togetherTeam positionsShared explorationLock speedFull tech treeHidden civsTurbo modeCheats
Victory
Defeat
790
+14
🇪🇸 Spanish · Spain
744
-14
blb_00
0:56 Loom
11:42 Feudal Age
12:12 Horse Collar
12:20 Double-Bit Axe
13:43 Wheelbarrow
14:58 Gold Mining
18:14 Stone Mining
21:59 Castle Age
25:03 Hand Cart
24:54 Heavy Plow
25:06 Bow Saw
25:33 Stone Shaft Mining
32:28 Imperial Age
29:56 Pikeman
32:06 Scale Barding Armor
36:27 Two-Man Saw
36:45 Forging
36:57 Chain Barding Armor
38:04 Iron Casting
37:20 Fletching
37:13 Halberdier
39:02 Ballistics
41:38 Chemistry
40:18 Elite Skirmisher
钟山风雨起苍黄
11:53 Feudal Age
12:40 Double-Bit Axe
13:56 Horse Collar
17:12 Castle Age
15:32 Stone Mining
16:34 Gold Mining
25:25 Imperial Age
23:04 Heavy Plow
23:52 Bow Saw
28:35 Murder Holes
30:38 Conscription
31:28 Two-Man Saw
31:00 Crop Rotation
31:11 Gold Shaft Mining
31:12 Stone Shaft Mining
31:08 Scale Barding Armor
31:15 Forging
31:59 Loom
32:49 Wheelbarrow
34:40 Hand Cart
34:59 Chain Barding Armor
36:41 Logistica
37:28 Plate Barding Armor
37:29 Iron Casting
37:48 Elite Cataphract
39:29 Husbandry
41:10 Chemistry
40:35 Ballistics
41:08 Padded Archer Armor
40:58 Fletching
41:09 Scale Mail Armor
Connection lost

Rejoining the realm…

Still unreachable

The connection could not be restored.

Session expired

The server has moved on; the page needs a fresh start.